 Dungeon Crawl Stone Soup version 0.31-a0-848-gaac375c287 (webtiles) character file.

Game seed: 15611620905354756561

213 Kurtz the Sneak (level 5, 24/24 HPs)
             Began as a Felid Delver on Oct 4, 2023.
             Was a Follower of Lugonu.
             Quit the game on level 4 of the Dungeon.
             The game lasted 00:05:34 (2632 turns).

Kurtz the Sneak (Felid Delver)                      Turns: 2632, Time: 00:05:35

Health: 24/24      AC:  1    Str: 16    XL:     5   Next: 59%
Magic:  6/6        EV: 18    Int: 12    God:    Lugonu [*.....]
Gold:   142        SH:  0    Dex: 17    Spells: 0/4 levels left
                                        Lives:  0   Deaths: 2

rFire   . .          .
                       - Unarmed
rCold   . . .        (shield unavailable)
rNeg    . . .        (body armour unavailable)
rPois   .            (helmet unavailable)
rElec   .            (cloak unavailable)
rCorr   .            (gloves unavailable)
SInv    +            (boots unavailable)
Will    .....        (no amulet)
Stlth   +++          f - ring of wizardry
HPRegen 0.24/turn    j - +6 ring of strength
MPRegen 0.10/turn

%: wizardry (x1)
@: beast-form, quick
A: beast (slay +0), very small, claws 1, fangs 3, see invisible, speed 1, shaggy
fur 1, stealthy paws, no weapons or thrown items, no armour, multi-lived
a: Begin Untransformation, Renounce Religion, Depart the Abyss


You were on level 4 of the Dungeon.
You worshipped Lugonu.
Lugonu was aware of your devotion.
You were a hulking beast.
You visited 1 branch of the dungeon, and saw 5 of its levels.

You collected 142 gold pieces.

Inventory:

Jewellery
 f - a ring of wizardry (left paw)
 j - a +6 ring of strength (right paw)
 n - a ring of protection from fire
Talismans
 g - a beast talisman (active)
Wands
 e - a wand of digging (3)
Scrolls
 a - a scroll of fog
 b - a scroll of revelation
 c - a scroll of fear
 k - a scroll of immolation {unknown}
 m - a scroll of identify {unknown}
 q - a scroll of teleportation {unknown}
Potions
 h - a potion of degeneration {unknown}
 i - 2 potions of cancellation {unknown}
 l - 3 potions of mutation {unknown}
 o - a potion of ambrosia {unknown}
 p - 2 potions of heal wounds {unknown}
 r - 2 potions of curing {unknown}


   Skills:
 * Level 3.3 Fighting
 - Level 3.0 Dodging
 - Level 6.6 Stealth
 * Level 5.2 Unarmed Combat
 * Level 0.4 Invocations
 * Level 1.3 Shapeshifting


You couldn't memorise any spells.
You knew the following spells:

 Your Spells              Type           Power      Damage    Failure   Level
a - Cigotuvi's Dreadful   Necr/Pois/Air  0%         N/A       21%         2
b - Scorch                Fire           0%         2d5       21%         2

Your spell library contained the following spells:

 Spells                   Type           Power      Damage    Failure   Level
 Ignite Poison            Fire/Tmut/Pois 0%         N/A       36%         3
 Flame Wave               Conj/Fire      0%         2d4       75%         4
 Sticky Flame             Conj/Fire      0%         2d3       75%         4
 Freezing Cloud           Conj/Ice/Air   0%         6-21      97%         5
 Summon Cactus Giant      Summ           0%         N/A       100%        6
 Ignition                 Fire           0%         3d3       100%        8


Dungeon Overview and Level Annotations

Branches:
Dungeon (5/15)
 Temple: D:4-7

Altars:
Makhleb
Nemelex Xobeh
Okawaru
Qazlal
Ru
The Shining One
Lugonu

Annotations:
D:3 Terence
D:4 Edmund, Grinder


Innate Abilities, Weirdness & Mutations

You are a hulking beast.
Your limbs bulge with bestial killing power. (Slay +0)
You have sharp claws.
You have razor-sharp teeth.
You have supernaturally acute eyesight. (SInv)
You cover ground quickly. (Speed+)
You are covered in fur. (AC +1)
Your paws help you pounce on unaware monsters.
You are incapable of wielding weapons or throwing items.
You cannot wear armour.
You gain extra lives every three experience levels.


Message History

You see here a hobgoblin corpse.
Edmund the Younger comes into view.
He is wielding a +5 dire flail of venom.
A goblin comes into view. It is wielding a +0 dagger.
Unknown command.
Casting: Scorch (safe; 21% risk of failure)
Confirm with . or Enter, or press ? or * to list all spells.
Flames lash the goblin.
The goblin shouts!
The goblin is heavily wounded.
The goblin's fire resistance burns away.
You hear a shout!
You hear a bark!
The goblin is no longer more vulnerable to fire.
Casting: Scorch (safe; 21% risk of failure)
Confirm with . or Enter, or press ? or * to list all spells.
Flames lash the goblin.
You kill the goblin!
Lugonu accepts your kill.
Unknown command.
Casting: Scorch (safe; 21% risk of failure)
Confirm with . or Enter, or press ? or * to list all spells.
You can't see any susceptible monsters within range! (Use Z to cast anyway.) Unknown command.
Edmund says, "You wouldn't believe how much I paid for this flail."
Casting: Scorch (safe; 21% risk of failure)
Confirm with . or Enter, or press ? or * to list all spells.
Flames lash Edmund.
Edmund is lightly wounded.
Edmund's fire resistance burns away.
Unknown command.
Edmund attacks as he pursues you!
Edmund hits you with a +5 dire flail of venom!
Ouch! That really hurt!
* * * LOW HITPOINT WARNING * * *
You are lethally poisoned!
You die...
Your shape twists and changes as you die.
You feel very sick.
You rejoin the land of the living...
Unknown command.
Are you sure you want to abandon this character and quit the game? (Confirm with "yes".)

##....##.############
#....................
##._..._.).#####.##.##
#..........#####.##.#
#._..8.....#.....##.#
#.........##.######.#
##....._..##.######.##
#..._....##..........
###.h.##.##..#####.##
######.##..# #.##
#.##..# #.##
#.##..#####.#
#.<.........#
####..######## #....#
#. . #.#.## #. #.#.##
#)###


There were no monsters in sight!

Vanquished Creatures
  A jelly (D:4)
  2 hounds
  4 adders
  A worm (D:2)
  3 dart slugs
  2 orcs
  6 endoplasms
  3 giant cockroaches
  13 goblins
  2 hobgoblins (D:4)
  11 jackals
  7 kobolds
  2 quokkas (D:1)
  7 ball pythons
  2 bats
  2 frilled lizards (D:2)
  3 rats
71 creatures vanquished.

Notes
Turn   | Place    | Note
-------+----------+-------------------------------------------
     0 | D:5      | Kurtz the Felid Delver began the quest for the Orb.
     0 | D:5      | Reached XP level 1. HP: 10/10 MP: 2/2
    77 | D:4      | Noticed a black bear
   184 | D:3      | Noticed a hound
   196 | D:1      | Reached XP level 2. HP: 14/14 MP: 3/3
   388 | D:1      | Reached XP level 3. HP: 17/17 MP: 4/4
  1261 | D:2      | Reached XP level 4. HP: 21/21 MP: 5/5
  1535 | D:3      | Found an iron altar of Okawaru.
  1555 | D:3      | Reached skill level 1 in Shapeshifting
  1618 | D:3      | Noticed Terence
  1766 | D:3      | Found a faded altar of an unknown god.
  1874 | D:3      | Prayed at the altar of an unknown god.
  1874 | D:3      | Became a worshipper of Lugonu the Unformed
  1874 | D:3      | Reached * piety under Lugonu
  2127 | D:3      | Learned a level 2 spell: Cigotuvi's Dreadful Rot
  2183 | D:4      | Found a sparkling altar of Nemelex Xobeh.
  2183 | D:4      | Found a burning altar of Makhleb.
  2183 | D:4      | Found a sacrificial altar of Ru.
  2184 | D:4      | Found a stormy altar of Qazlal.
  2184 | D:4      | Found a glowing golden altar of the Shining One.
  2210 | D:4      | Reached XP level 5. HP: 20/24 MP: 6/6
  2282 | D:4      | Reached skill level 5 in Unarmed Combat
  2360 | D:4      | Slain by a black bear
  2394 | D:4      | Noticed an ice beast
  2439 | D:4      | Learned a level 2 spell: Scorch
  2462 | D:4      | Noticed Grinder
  2612 | D:4      | Noticed Edmund
  2631 | D:4      | Succumbed to Edmund's poison
  2632 | D:4      | Quit the game

Illustrated notes

Levels and vault maps discovered:
D:1:      dpeg_arrival_court, layout_loops_cross
D:2:      layout_rooms, mrwooster_statue_mirror, minmay_tetromino_l2
D:3:      layout_basic, mainiacjoe_overflow_boulevard,
          shapermc_ecumenical_altar_petra, uniq_terence
D:4:      layout_loops_ring, grunt_temple_overflow_open,
          gammafunk_ghost_cemetery, minmay_pentangle, uniq_grinder, uniq_edmund
D:5:      minmay_bubble_buster, layout_loops_ring, fedhas_altar_fruit_tree,
          serial_shops, shop, minmay_increasing_density

Skill      XL: |  1  2  3  4  5 |
---------------+----------------+-----
Unarmed Combat | 3 4 5 |  5.2
Dodging        | 3 |  3.0
Shapeshifting  | 1 |  1.3
Fighting       | |  3.3
Stealth        | |  6.6
Invocations    | |  0.4

Action                     |  1- 3 |  4- 6 || total
---------------------------+-------+-------++-------
  Melee: Unarmed           |    77 |    52 ||   129
         Bite              |    10 |     4 ||    14
   Cast: Cigotuvi's Dreadf |       |     3 ||     3
         Scorch            |       |     4 ||     4
    Use: Potion            |       |     1 ||     1
   Stab: Sleeping          |    18 |     7 ||    25
 Armour: Skin              |    13 |    15 ||    28
  Dodge: Dodged            |    52 |    42 ||    94
   Form: Beast             |       |     1 ||     1

Table legend: (Time is in decaauts)
 A = Elapsed time spent in this place.
 B = Non-inter-level travel time spent in this place.
 C = Inter-level travel time spent in this place.
 D = Time resting spent in this place.
 E = Time spent auto-exploring this place.
 F = Levels seen in this place.
 G = Mean time per level.
                   A        B        C        D        E       F      G
               +--------+--------+--------+--------+--------+-----+--------+
         Total |   2198 |   2052 |    146 |    171 |   1340 |   5 |  439.6 |
       Dungeon |   2198 |   2052 |    146 |    171 |   1340 |   5 |  439.6 |
               +--------+--------+--------+--------+--------+-----+--------+

Top non-repeatable levels by time:
     D:1: 609 daAuts
     D:3: 567 daAuts
     D:2: 542 daAuts
     D:4: 417 daAuts
     D:5: 62 daAuts
